Workbook

Sheet Hoja2
A1: INSTITUTO NACIONAL DE MEDICINA LEGAL Y CIENCIAS FORENSES MATRIZ DE RIESGOS
A2: N | B2: Clase | C2: Fuente | D2: Etapa | E2: Tipo | F2: Descripción | G2: Consecuencia de la ocurrencia del evento | H2: Probabilidad | I2: Impacto | J2: Valoración | K2: Categoría | L2: ¿A quién se le asigna? | M2: Tratamiento/Control a ser implementado | N2: Impacto después del tratamiento | R2: ¿Afecta la ejecución del contrato? | S2: Responsable por implementar el tratamiento | T2: Fecha estimada en que se inicia el tratamiento | U2: Fecha estimada en que se completa el tratamiento | V2: Monitoreo y revisión
N3: Probabilidad | O3: Impacto | P3: Valoración | Q3: Categoría | V3: ¿Cómo se realiza el monitoreo? | W3: Periodicidad
A5: 1 | B5: ESPECIFICO | C5: INTERNO | D5: Ejecución | E5: Operacional | F5: Variación en determinantes para la ejecución de las acciones de capacitación | G5: Prorroga en tiempo para ejecución | H5: 3 | I5: 2 | J5: =H5+I5 -> 5 | K5: =VLOOKUP(J5,'Hoja 1'!$I$4:$J$12,2,FALSE) -> Riesgo medio | L5: Entidad y contratista | M5: seguimiento del avance de los modulos asociados a cada una de las capacitaciones o cursos | N5: 2 | O5: 2 | P5: =N5+O5 -> 4 | Q5: =VLOOKUP(P5,'Hoja 1'!$O$4:$P$12,2,FALSE) -> Riesgo Bajo | R5: Si | S5: Entidad y contratista | T5: En ejecución del contrato | U5: En ejecución del contrato | V5: Hacer seguimiento del avance de la capacitación o del curso | W5: semanal
A6: 2 | B6: ESPECIFICO | C6: EXTERNO | D6: Ejecución | E6: Tecnológico | F6: Falla en sistemas de información y/o uso de tecnología. | G6: Retrasos en el desarrollo de las capacitaciones o Cursos | H6: 2 | I6: 2 | J6: =H6+I6 -> 4 | K6: =VLOOKUP(J6,'Hoja 1'!$I$4:$J$12,2,FALSE) -> Riesgo Bajo | L6: contratista | M6: implementacion de un sistema para el desarrollo del curso o de la capacitacion de reslpaldo | N6: 1 | O6: 1 | P6: =N6+O6 -> 2 | Q6: =VLOOKUP(P6,'Hoja 1'!$O$4:$P$12,2,FALSE) -> Riesgo Bajo | R6: Si | S6: Contratista | T6: En ejecución del contrato | U6: En ejecución del contrato | V6: verificación de la capacidad opetrativa del sistema para el desarrollo de la actividad de capacistacion o curso por el tiempo mínimo requerido por la entidad | W6: frecuente
A7: 3 | B7: ESPECIFICO | C7: INTERNO | D7: Ejecución | E7: Operacional | F7: Uso de herramientas o equipos técnicos inadecuados o insuficiente para desarrollar las acciones de capacitación | G7: Retraso en ejecución de actividades del contrato | H7: 2 | I7: 3 | J7: =H7+I7 -> 5 | K7: =VLOOKUP(J7,'Hoja 1'!$I$4:$J$12,2,FALSE) -> Riesgo medio | L7: contratista | M7: (-)Implementación de prácticas de control de calidad y programación de equipos. (-)Validación previa del funcionamiento de las heramientas de conectividad | N7: 1 | O7: 2 | P7: =N7+O7 -> 3 | Q7: =VLOOKUP(P7,'Hoja 1'!$O$4:$P$12,2,FALSE) -> Riesgo Bajo | R7: SI | S7: Contratista | T7: En ejecución del contrato | U7: En ejecución del contrato | V7: Revisión de decisiones sobre procesos, procedimientos y parámetros. | W7: DIARIA
A8: 4 | B8: ESPECIFICO | C8: INTERNO | D8: Ejecución | E8: Operacional | F8: Falta de idoneidad para desarrollar el curso o la capacitación | G8: Desempeño ineficiente de las acciones de capacitación | H8: 3 | I8: 3 | J8: =H8+I8 -> 6 | K8: =VLOOKUP(J8,'Hoja 1'!$I$4:$J$12,2,FALSE) -> Riesgo alto | L8: contratista | M8: Revisión previa de las hojas de vida de los docentes propuestos y contenido de las acciones de capacitación | N8: 2 | O8: 2 | P8: =N8+O8 -> 4 | Q8: =VLOOKUP(P8,'Hoja 1'!$O$4:$P$12,2,FALSE) -> Riesgo Bajo | R8: SI | S8: Entidad y contratista | T8: En ejecución del contrato | U8: En ejecución del contrato | V8: Revisión previa de las hojas de vida, y su respectiva comprobación | W8: según cronograma
A9: 5 | B9: ESPECIFICO | C9: INTERNO | D9: Ejecución | E9: Regulatorio | F9: No acatar las normas de confidencialidad. | G9: Divulgación de la información de carácter confidencial del instituto | H9: 3 | I9: 2 | J9: =H9+I9 -> 5 | K9: =VLOOKUP(J9,'Hoja 1'!$I$4:$J$12,2,FALSE) -> Riesgo medio | L9: Entidad y contratista | M9: - Control de la información suministrada y advertencia sobre el uso confidencial de la misma. - el docente debera diligenciar y firmar el formato de confidencialidad atendiendo el curso a desarrollar | N9: 1 | O9: 1 | P9: =N9+O9 -> 2 | Q9: =VLOOKUP(P9,'Hoja 1'!$O$4:$P$12,2,FALSE) -> Riesgo Bajo | R9: NO | S9: Entidad y contratista | T9: En ejecución del contrato | U9: En ejecución del contrato | V9: Seguimiento al cumplimiento del acuerdo de servicio. | W9: según cronograma
A10: 6 | B10: ESPECIFICO | C10: INTERNO | D10: Ejecución | E10: Operacional | F10: Alteración, modificación y / o divulgación indebida de la información asociada a los datos personales de los servidores públicos inscritos en el curso o capacitacion. | G10: Afectación a la integridad, intimidad y derechos de las personas. | H10: 2 | I10: 2 | J10: =H10+I10 -> 4 | K10: =VLOOKUP(J10,'Hoja 1'!$I$4:$J$12,2,FALSE) -> Riesgo Bajo | L10: contratista | M10: Imlementar prácticas de seguirdad del manejo de la información sensible para mantener la confidencialidad de los datos | N10: 1 | O10: 1 | P10: =N10+O10 -> 2 | Q10: =VLOOKUP(P10,'Hoja 1'!$O$4:$P$12,2,FALSE) -> Riesgo Bajo | R10: NO | S10: Contratista | T10: En ejecución del contrato | U10: En ejecución del contrato | V10: - Comunicar al instituto y en el desarrollo del curso los protocolos asociados al tratamiento de datos personales - Salvaguardar la información sensible.
A11: 7 | B11: ESPECIFICO | C11: INTERNO | D11: Ejecución | E11: Operacional | F11: Afectación en la ejecución del contrato a causa de que el contratista no cuente con la disponibilidad de docentes requeridos al momento de llevar a cabo las capacitaciones | G11: Que se afecte o retrace la ejecución del cronograma de capacitaciones proyectadas | H11: 2 | I11: 2 | J11: =H11+I11 -> 4 | K11: =VLOOKUP(J11,'Hoja 1'!$I$4:$J$12,2,FALSE) -> Riesgo Bajo | L11: contratista | M11: Una vez firmado el contrato el contratista debe asegurar la disponibilidad de los docentes para cumplir con el objeto contractual | N11: 1 | O11: 1 | P11: =N11+O11 -> 2 | Q11: =VLOOKUP(P11,'Hoja 1'!$O$4:$P$12,2,FALSE) -> Riesgo Bajo | R11: Si | S11: Entidad y contratista | T11: En ejecución del contrato | U11: En ejecución del contrato | V11: Entregar las hojas de vida para revisión y aprobación del supervisor del docente títular y del suplente de que cuente con el mismo perfil | W11: permanente
A12: 8 | B12: ESPECIFICO | C12: INTERNO | D12: Ejecución | E12: Tecnológico | F12: Fallas en las herramientas tecnologicas o interrupciones en las comunicaciones que afecten el acceso remoto a la capacitacion | G12: Retrasos o modificaciones al cronograma de la capacitacion | H12: 2 | I12: 3 | J12: =H12+I12 -> 5 | K12: =VLOOKUP(J12,'Hoja 1'!$I$4:$J$12,2,FALSE) -> Riesgo medio | L12: Entidad y contratista | M12: Análisis de la situación por parte del contratista y la entidad y tomar las medidas a que haya lugar | N12: 2 | O12: 2 | P12: =N12+O12 -> 4 | Q12: =VLOOKUP(P12,'Hoja 1'!$O$4:$P$12,2,FALSE) -> Riesgo Bajo | R12: SI | S12: Entidad y contratista | T12: En ejecución del contrato | U12: En ejecución del contrato | V12: Evaluación y análisis por parte de la entidad y el contratista en caso de presentarse la situación | W12: DIARIO
A13: 9 | B13: ESPECIFICO | C13: EXTERNO | D13: Ejecución | E13: Regulatorio | F13: Confinamiento total o parcial decretado por el Gobierno Nacional o Local a causa de cualquier tipo de pandemia, endemia u otras situaciones que afecte la salud de las partes interesadas dentro del proceso. | G13: Ajuste del cronograma de capacitaciones o modificación de la presencialidad identificada para el curso del item 21 | H13: 2 | I13: 2 | J13: =H13+I13 -> 4 | K13: =VLOOKUP(J13,'Hoja 1'!$I$4:$J$12,2,FALSE) -> Riesgo Bajo | L13: Entidad y contratista | M13: - Análisis de la situación cuando se presente por parte del contratista y la entidad y tomar las medidas a que haya lugar - Modificación del contrato atendiendo el cambio de la modalidad presencial a modalidad virrual en caso de requerirlo | N13: 1 | O13: 1 | P13: =N13+O13 -> 2 | Q13: =VLOOKUP(P13,'Hoja 1'!$O$4:$P$12,2,FALSE) -> Riesgo Bajo | R13: SI | S13: Entidad y contratista | T13: En ejecución del contrato | U13: En ejecución del contrato | V13: Informe de supervisión del contrato con el registro del análisis realizado | W13: En el momento que ocurra la situación
A14: 10 | B14: ESPECIFICO | C14: EXTERNO | D14: Ejecución | E14: Operacional | F14: Afectación de la ejecución del contrato debido a la perdida del reconocimiento por el ministerio de educacion Nacional, licencia de funcionamiento, o de otros permisos del proponente o contratista. | G14: Afectación de la ejecución contractual Afectación al desarrollo del PIC | H14: 2 | I14: 3 | J14: =H14+I14 -> 5 | K14: =VLOOKUP(J14,'Hoja 1'!$I$4:$J$12,2,FALSE) -> Riesgo medio | L14: contratista | M14: El contratista debe asegurar que cuenta con la acreditación de alta calidad para cumplir con el objeto contractual y mantenerla durante la ejecución del contrato. | N14: 1 | O14: 2 | P14: =N14+O14 -> 3 | Q14: =VLOOKUP(P14,'Hoja 1'!$O$4:$P$12,2,FALSE) -> Riesgo Bajo | R14: SI | S14: Contratista | T14: En ejecución del contrato | U14: En ejecución del contrato | V14: Informe de supervisión del contrato con el registro del análisis realizado | W14: permanente
A15: 11 | B15: ESPECIFICO | C15: EXTERNO | D15: Ejecución | E15: Regulatorio | F15: Cambio en la legislación tributaria, la creación de nuevos impuestos la supresión o modificación de los existentes y en general cualquier evento que modifique las condiciones tributarias existentes desde el momento de la presentación de la propuesta hasta la de la liquidación del contrato. | G15: -Mayores costos asociados en la ejecución del contrato -Aumento en las deducciones tributarias a realizar por parte de la entidad | H15: 2 | I15: 3 | J15: 5 | K15: Riesgo medio | L15: Entidad y contratista | M15: Verificar constantemente los cambios tributarios que puedan afectar la ejecución del contrato | N15: 2 | O15: 2 | P15: 4 | Q15: Riesgo Bajo | R15: No | S15: Entidad y contratista | T15: En ejecución del contrato | U15: En ejecución del contrato | V15: Conocer los cambios en materia legislativa que impactan el contrato | W15: permanente
A16: 12 | B16: Especifico | C16: Externo | D16: Ejecución | E16: Operacional | F16: Falta de disponibilidad de recursos por demoras del Ministerio de hacienda no autoriza disponibilidad del PAC | G16: Atraso en el pago de las facturas o cuentas de cobro | H16: 2 | I16: 2 | J16: =H16+I16 -> 4 | K16: =VLOOKUP(J16,'[1]Hoja 1'!$I$4:$J$12,2,FALSE) -> Riesgo Bajo | L16: Contratista | M16: Continuar adelantando las gestiones pertinentes ante el Ministerio de Hacienda para la consecución de los recursos y comunicar de manera permanente | N16: 1 | O16: 1 | P16: =N16+O16 -> 2 | Q16: =VLOOKUP(P16,'[1]Hoja 1'!$O$4:$P$12,2,FALSE) -> Riesgo Bajo | R16: No | S16: Entidad Estatal | T16: En ejecución del contrato | U16: En ejecución del contrato | V16: comunicar de manera permanente al contratista el resultado de los trámites | W16: Mensual
A17: 13 | B17: GENERAL | C17: EXTERNO | D17: Ejecución | E17: Social o Político | F17: Costos causados por paros, huelgas o situaciones de orden público, emergencia sanitaria u otros eventos que impidan el cumplimiento del contrato antes de la prestación del servicio | G17: Demora en la entrega de los bienes o en la prestación | H17: 3 | I17: 2 | J17: =H17+I17 -> 5 | K17: =VLOOKUP(J17,'Hoja 1'!$I$4:$J$12,2,FALSE) -> Riesgo medio | L17: Contratista | M17: Previa justificación del hecho presentado al supervisor se acordará elaborar un plan de contingencia en caso de presentarse alguna de estas situaciones, el cual permita realizar el Objeto del contrato sin que afecte el desarrollo de los procesos que requieren de estos equipos. | N17: 2 | O17: 2 | P17: =N17+O17 -> 4 | Q17: =VLOOKUP(P17,'Hoja 1'!$O$4:$P$12,2,FALSE) -> Riesgo Bajo | R17: No | S17: Entidad y Contratista | T17: En ejecución | U17: En ejecución | V17: Comunicación permanente con el contratista respecto a las fechas de entrega. | W17: Semanal
A18: 14 | J18: =H18+I18 -> 0 | K18: =VLOOKUP(J18,'Hoja 1'!$I$4:$J$12,2,FALSE) -> #N/A | P18: =N18+O18 -> 0 | Q18: =VLOOKUP(P18,'Hoja 1'!$O$4:$P$12,2,FALSE) -> #N/A
A19: 15 | J19: =H19+I19 -> 0 | K19: =VLOOKUP(J19,'Hoja 1'!$I$4:$J$12,2,FALSE) -> #N/A | P19: =N19+O19 -> 0 | Q19: =VLOOKUP(P19,'Hoja 1'!$O$4:$P$12,2,FALSE) -> #N/A
A20: 16 | J20: =H20+I20 -> 0 | K20: =VLOOKUP(J20,'Hoja 1'!$I$4:$J$12,2,FALSE) -> #N/A | P20: =N20+O20 -> 0 | Q20: =VLOOKUP(P20,'Hoja 1'!$O$4:$P$12,2,FALSE) -> #N/A
A21: 17 | J21: =H21+I21 -> 0 | K21: =VLOOKUP(J21,'Hoja 1'!$I$4:$J$12,2,FALSE) -> #N/A | P21: =N21+O21 -> 0 | Q21: =VLOOKUP(P21,'Hoja 1'!$O$4:$P$12,2,FALSE) -> #N/A
A22: 18 | J22: =H22+I22 -> 0 | K22: =VLOOKUP(J22,'Hoja 1'!$I$4:$J$12,2,FALSE) -> #N/A | P22: =N22+O22 -> 0 | Q22: =VLOOKUP(P22,'Hoja 1'!$O$4:$P$12,2,FALSE) -> #N/A
A23: 19 | J23: =H23+I23 -> 0 | K23: =VLOOKUP(J23,'Hoja 1'!$I$4:$J$12,2,FALSE) -> #N/A | P23: =N23+O23 -> 0 | Q23: =VLOOKUP(P23,'Hoja 1'!$O$4:$P$12,2,FALSE) -> #N/A
A24: 20 | J24: =H24+I24 -> 0 | K24: =VLOOKUP(J24,'Hoja 1'!$I$4:$J$12,2,FALSE) -> #N/A | P24: =N24+O24 -> 0 | Q24: =VLOOKUP(P24,'Hoja 1'!$O$4:$P$12,2,FALSE) -> #N/A
A25: 21 | J25: =H25+I25 -> 0 | K25: =VLOOKUP(J25,'Hoja 1'!$I$4:$J$12,2,FALSE) -> #N/A | P25: =N25+O25 -> 0 | Q25: =VLOOKUP(P25,'Hoja 1'!$O$4:$P$12,2,FALSE) -> #N/A
A26: 22 | J26: =H26+I26 -> 0 | K26: =VLOOKUP(J26,'Hoja 1'!$I$4:$J$12,2,FALSE) -> #N/A | P26: =N26+O26 -> 0 | Q26: =VLOOKUP(P26,'Hoja 1'!$O$4:$P$12,2,FALSE) -> #N/A
A27: 23 | J27: =H27+I27 -> 0 | K27: =VLOOKUP(J27,'Hoja 1'!$I$4:$J$12,2,FALSE) -> #N/A | P27: =N27+O27 -> 0 | Q27: =VLOOKUP(P27,'Hoja 1'!$O$4:$P$12,2,FALSE) -> #N/A
A28: 24 | J28: =H28+I28 -> 0 | K28: =VLOOKUP(J28,'Hoja 1'!$I$4:$J$12,2,FALSE) -> #N/A | P28: =N28+O28 -> 0 | Q28: =VLOOKUP(P28,'Hoja 1'!$O$4:$P$12,2,FALSE) -> #N/A
A29: 25 | J29: =H29+I29 -> 0 | K29: =VLOOKUP(J29,'Hoja 1'!$I$4:$J$12,2,FALSE) -> #N/A | P29: =N29+O29 -> 0 | Q29: =VLOOKUP(P29,'Hoja 1'!$O$4:$P$12,2,FALSE) -> #N/A
... A37: 33 | J37: =H37+I37 -> 0 | K37: =VLOOKUP(J37,'Hoja 1'!$I$4:$J$12,2,FALSE) -> #N/A | P37: =N37+O37 -> 0 | Q37: =VLOOKUP(P37,'Hoja 1'!$O$4:$P$12,2,FALSE) -> #N/A

Sheet Hoja 1
A1: Clase | B1: Fuente | C1: Etapa | D1: Tipo | E1: Descripción | F1: Consecuencia de la ocurrencia del evento | G1: Probabilidad | H1: Impacto | I1: Valoración | J1: Categoría | K1: ¿A quién se le asigna? | L1: Tratamiento/Control a ser implementado | M1: Impacto después del tratamiento | Q1: ¿Afecta la ejecución del contrato? | R1: Responsable por implementar el tratamiento | S1: Fecha estimada en que se inicia el tratamiento | T1: Fecha estimada en que se completa el tratamiento | U1: Monitoreo y revisión
M2: Probabilidad | N2: Impacto | O2: Valoración | P2: Categoría | U2: ¿Cómo se realiza el monitoreo? | V2: Periodicidad
A4: GENERAL | B4: INTERNO | C4: PLANEACIÓN | D4: Económico | F4: [Describir la consecuencia de la ocurrencia del evento] | G4: 1 | H4: 1 | I4: 2 | J4: Riesgo Bajo | K4: Entidad Estatal | L4: [Describir el tratamiento o control a ser implementado] | M4: 1 | N4: 1 | O4: 2 | P4: Riesgo Bajo | Q4: Si | R4: Entidad Estatal | S4: En ejecución del contrato | T4: En ejecución del contrato | U4: [Definir la forma de realizar el monitoreo] | V4: [Definir la periodicidad del monitoreo]
A5: ESPECIFICO | B5: EXTERNO | C5: Selección | D5: Social o Politico | F5: [Describir la consecuencia de la ocurrencia del evento] | G5: 2 | H5: 2 | I5: 3 | J5: Riesgo Bajo | K5: Contratista | L5: [Describir el tratamiento o control a ser implementado] | M5: 2 | N5: 2 | O5: 3 | P5: Riesgo Bajo | Q5: No | R5: Contratista | U5: [Definir la forma de realizar el monitoreo] | V5: [Definir la periodicidad del monitoreo]
A6: 3 | C6: Ejecución | D6: Operacional | G6: 3 | H6: 3 | I6: 4 | J6: Riesgo Bajo | K6: Entidad y contratista | M6: 3 | N6: 3 | O6: 4 | P6: Riesgo Bajo | R6: Entidad y contratista
A7: 4 | D7: Financiero | G7: 4 | H7: 4 | I7: 5 | J7: Riesgo medio | M7: 4 | N7: 4 | O7: 5 | P7: Riesgo medio
A8: 5 | D8: Regulatorio | G8: 5 | H8: 5 | I8: 6 | J8: Riesgo alto | M8: 5 | N8: 5 | O8: 6 | P8: Riesgo alto
D9: De la Naturaleza | I9: 7 | J9: Riesgo alto | O9: 7 | P9: Riesgo alto
D10: Ambiental | I10: 8 | J10: Riesgo Extremo | O10: 8 | P10: Riesgo Extremo
D11: Tecnológico | I11: 9 | J11: Riesgo Extremo | O11: 9 | P11: Riesgo Extremo
I12: 10 | J12: Riesgo Extremo | O12: 10 | P12: Riesgo Extremo
